 Dungeon Crawl Stone Soup version 0.28-a0-938-gbc3f381ebc (webtiles) character file.

Game seed: 70406373194340495

1457 Decritt the Fighter (level 8, -4/75 HPs)
             Began as a Minotaur Fighter on Nov 28, 2021.
             Slain by a cyan ugly thing (14 damage)
             ... on level 6 of the Dungeon.
             The game lasted 00:12:25 (6208 turns).

Decritt the Fighter (Minotaur Fighter)              Turns: 6208, Time: 00:12:25

Health: -4/75      AC: 14    Str: 23    XL:     8   Next: 47%
Magic:  7/7        EV:  9    Int:  5    God:
Gold:   24         SH:  4    Dex: 10    Spells: 7/7 levels left

rFire   . . .      SeeInvis .   m - +5 mace (vorpal)
rCold   + . .      Faith    .   c - +0 buckler
rNeg    . . .      Spirit   .   x - +0 chain mail {rC+}
rPois   .          Reflect  .   (helmet restricted)
rElec   .          Harm     .   i - +0 cloak
rCorr   .          Rampage  .   l - +0 pair of gloves
Will    .....                   s - +0 pair of boots
Stlth   ..........              (no amulet)
HPRegen 0.22/turn               (no ring)
MPRegen 0.10/turn               (no ring)

@: no status effects
A: horns 2, retaliatory headbutt
a: no special abilities


You were on level 6 of the Dungeon.
You visited 1 branch of the dungeon, and saw 7 of its levels.

You collected 329 gold pieces.
You spent 305 gold pieces at shops.

Inventory:

Hand Weapons
 m - a +5 vorpal mace (weapon)
 z - a +1 hand axe of flaming
Armour
 c - a +0 buckler (worn)
 i - a +0 cloak (worn)
 l - a +0 pair of gloves (worn)
 s - a +0 pair of boots (worn)
 x - a +0 chain mail of cold resistance (worn)
Scrolls
 e - 4 scrolls of enchant weapon
 g - 2 scrolls of immolation
 h - 4 scrolls of teleportation
 j - a scroll of brand weapon {unknown}
 q - 2 scrolls of blinking
 y - a scroll of magic mapping
Potions
 d - a potion of might
 f - 3 potions of attraction
 k - 3 potions of haste
 o - a potion of heal wounds
 t - 2 potions of curing
 w - a potion of lignification


   Skills:
 * Level 8.7 Fighting
 + Level 6.1 Axes
 + Level 6.8 Armour
 + Level 4.6 Dodging
 - Level 4.1 Shields


You had 7 spell levels left.
You didn't know any spells.
Your spell library contained the following spells:

 Spells                   Type           Power      Damage    Failure   Level
 Magic Dart               Conj           0%         1d3       98%         1
 Call Imp                 Summ           0%         N/A       99%         2
 Mephitic Cloud           Conj/Pois/Air  0%         N/A       100%        3


Dungeon Overview and Level Annotations

Branches:
Dungeon (7/15)
 Temple: D:4-7

Altars:
Vehumet
Zin
The Shining One

Shops:
D:4 ?   D:7 ?


Innate Abilities, Weirdness & Mutations

You have a pair of horns on your head.
You reflexively headbutt those who attack you in melee.


Message History

Found 19 poisoned darts.
You hit the bullfrog skeleton. You headbutt the bullfrog skeleton!
The bullfrog skeleton is heavily damaged.
The bullfrog skeleton hits you. x2
You sock the bullfrog skeleton!
You destroy the bullfrog skeleton!
No target in view!
No target in view!
A cyan ugly thing comes into view.
The cyan ugly thing gurgles horribly!
There is a stone staircase leading up here.
The cyan ugly thing gores you but does no damage.
You sock the cyan ugly thing!
The cyan ugly thing is moderately wounded.
The cyan ugly thing gores you. The cyan ugly thing shocks you!
You hit the cyan ugly thing.
Your headbutt misses the cyan ugly thing.
The cyan ugly thing is moderately wounded.
The cyan ugly thing gores you but does no damage.
You hit the cyan ugly thing.
The cyan ugly thing is moderately wounded.
The cyan ugly thing gores you. The cyan ugly thing shocks you!
* * * LOW HITPOINT WARNING * * *
You sock the cyan ugly thing!
The cyan ugly thing is heavily wounded.
The cyan ugly thing gores you!
* * * LOW HITPOINT WARNING * * *
The cyan ugly thing shocks you!
* * * LOW HITPOINT WARNING * * *
The cyan ugly thing closely misses you.
There is a stone staircase leading up here.
The cyan ugly thing closely misses you.
You climb upwards.
There is a stone staircase leading down here.
You closely miss the cyan ugly thing. You headbutt the cyan ugly thing.
The cyan ugly thing is heavily wounded.
The cyan ugly thing gores you.
* * * LOW HITPOINT WARNING * * *
The cyan ugly thing shocks you!
You die...

# # ### # ########.# #
#........# #
#####.######.#
##########.....#.####.###
................@u......#
########.#.#####.########
#.#.# #.# #.#.# #.# #o#.#
#.# #g#.# #.# ##### #.#.#
#.# ....# #.#.#####.#
###'####.........#


You could see a cyan ugly thing.

Vanquished Creatures
  Eustachio (D:6)
  Menkaure (D:6)
  An ogre (D:6)
  A phantom (D:4)
  A bullfrog (D:4)
  A scorpion (D:4)
  A gnoll sergeant (D:6)
  A water moccasin zombie (D:6)
  2 howler monkeys (D:6)
  A jelly (D:5)
  2 bullfrog zombies (D:6)
  A hound (D:6)
  Crazy Yiuf (D:6)
  3 bullfrog skeletons
  Ijyb (D:3)
  4 orc wizards
  Natasha (twice) (D:2)
  6 iguanas
  A howler monkey zombie (D:6)
  5 gnolls
  2 adders (D:6)
  An adder skeleton (D:4)
  2 dart slugs
  12 orcs
  6 ball pythons
  8 endoplasms
  3 giant cockroaches
  9 hobgoblins
  7 jackals
  8 bats
  A frilled lizard (D:1)
  4 goblins
  7 kobolds
  6 rats
113 creatures vanquished.

Notes
Turn   | Place    | Note
-------+----------+-------------------------------------------
     0 | D:1      | Decritt the Minotaur Fighter began the quest for the Orb.
     0 | D:1      | Reached XP level 1. HP: 19/19 MP: 0/0
   184 | D:1      | Reached XP level 2. HP: 24/27 MP: 1/1
   439 | D:1      | Found a faded altar of an unknown god.
   472 | D:1      | Reached skill level 4 in Fighting
  1114 | D:2      | Reached XP level 3. HP: 33/33 MP: 2/2
  1143 | D:2      | Found a radiant altar of Vehumet.
  1646 | D:2      | Noticed Natasha
  1652 | D:2      | Killed Natasha
  1653 | D:2      | Reached XP level 4. HP: 32/41 MP: 3/3
  1873 | D:2      | Noticed Natasha
  1880 | D:2      | Killed Natasha
  1881 | D:2      | Reached skill level 1 in Dodging
  2048 | D:3      | Noticed Ijyb
  2082 | D:3      | Killed Ijyb
  2671 | D:3      | Reached XP level 5. HP: 47/47 MP: 4/4
  2766 | D:3      | Reached skill level 5 in Fighting
  2931 | D:4      | Noticed a phantom
  2939 | D:4      | Killed a phantom
  2946 | D:4      | Reached skill level 5 in Armour
  2946 | D:4      | Reached XP level 6. HP: 42/57 MP: 5/5
  3206 | D:4      | Reached skill level 6 in Fighting
  3369 | D:4      | Found Muxziung's Magic Scroll Emporium.
  3557 | D:5      | Entered Level 5 of the Dungeon
  3633 | D:5      | Reached XP level 7. HP: 64/64 MP: 6/6
  4001 | D:4      | Bought a scroll of identify for 28 gold pieces
  4001 | D:4      | Bought a scroll of identify for 28 gold pieces
  4001 | D:4      | Bought a scroll of identify for 28 gold pieces
  4001 | D:4      | Bought a scroll of teleportation for 42 gold pieces
  4001 | D:4      | Bought a scroll of magic mapping for 49 gold pieces
  4174 | D:6      | Noticed Eustachio
  4184 | D:6      | Killed Eustachio
  4185 | D:6      | Reached skill level 7 in Fighting
  4185 | D:6      | Reached skill level 5 in Axes
  4423 | D:6      | Found a glowing silver altar of Zin.
  4424 | D:6      | Noticed Menkaure
  4433 | D:6      | Killed Menkaure
  4434 | D:6      | Reached XP level 8. HP: 32/74 MP: 7/7
  4486 | D:6      | Reached skill level 8 in Fighting
  5724 | D:6      | Found a runed translucent door.
  5725 | D:6      | Noticed Crazy Yiuf
  5734 | D:6      | Killed Crazy Yiuf
  6062 | D:7      | Found Jorieh's Magic Scroll Shop.
  6076 | D:7      | Bought a scroll of identify for 20 gold pieces
  6076 | D:7      | Bought a scroll of teleportation for 30 gold pieces
  6076 | D:7      | Bought a scroll of identify for 20 gold pieces
  6076 | D:7      | Bought 2 scrolls of identify for 40 gold pieces
  6076 | D:7      | Bought a scroll of identify for 20 gold pieces
  6106 | D:7      | Found a glowing golden altar of the Shining One.
  6197 | D:7      | Noticed a cyan ugly thing
  6208 | D:6      | Slain by a cyan ugly thing

Illustrated notes

Levels and vault maps discovered:
D:1:      psy_arrival_spokes, layout_basic,
          dreamdust_ecumenical_altar_sealed_demon, serial_forest,
          infiniplex_forest_zigzag_1, infiniplex_forest_lined_2,
          infiniplex_forest_lined_ring, infiniplex_forest_straight_3,
          infiniplex_forest_clump_small
D:2:      layout_basic, basic_altar, uniq_natasha
D:3:      layout_loops_corners, uniq_ijyb
D:4:      layout_rooms, serial_shops, nicolae_take_the_stairs
D:5:      layout_basic
D:6:      layout_basic, zin_statuary, minmay_strange_pillars, uniq_menkaure,
          uniq_crazy_yiuf_cottage, uniq_eustachio
D:7:      layout_cave_pools, mainiacjoe_overflow_brackets,
          nicolae_tso_swordbearing_angel, lemuel_blue_sif_altar,
          minmay_temple_entry_ruins, serial_shops, shop, uniq_maggie

Skill      XL: |  1  2  3  4  5  6  7  8 |
---------------+-------------------------+-----
Fighting       | 4 5 6 7 8 |  8.7
Armour         | 4 5 6 |  6.8
Shields        | 4 |  4.1
Axes           | 3 4 5 6 |  6.1
Dodging        | 1 2 3 4 |  4.6

Action                   |  1- 3 |  4- 6 |  7- 9 || total
-------------------------+-------+-------+-------++-------
Melee: War axe           |    66 |       |       ||    66
       Headbutt          |     8 |    13 |    18 ||    39
       Mace              |    10 |    85 |   119 ||   214
       Unarmed           |       |    14 |       ||    14
Throw: Boomerang         |       |    19 |       ||    19
  Use: Scroll            |       |     1 |    11 ||    12
Armor: Scale mail        |    32 |       |       ||    32
       Chain mail        |     4 |    42 |    81 ||   127
       Skin              |       |     4 |       ||     4
Dodge: Dodged            |    25 |    39 |    56 ||   120
Block: Buckler           |    21 |    20 |    23 ||    64

Table legend: (Time is in decaauts)
 A = Elapsed time spent in this place.
 B = Non-inter-level travel time spent in this place.
 C = Inter-level travel time spent in this place.
 D = Time resting spent in this place.
 E = Time spent auto-exploring this place.
 F = Levels seen in this place.
 G = Mean time per level.
                   A        B        C        D        E       F      G
               +--------+--------+--------+--------+--------+-----+--------+
         Total |   6293 |   6119 |    174 |    624 |   4434 |   7 |  899.0 |
       Dungeon |   6293 |   6119 |    174 |    624 |   4434 |   7 |  899.0 |
               +--------+--------+--------+--------+--------+-----+--------+

Top non-repeatable levels by time:
     D:6: 1450 daAuts
     D:1: 1095 daAuts
     D:5: 1066 daAuts
     D:3: 984 daAuts
     D:2: 890 daAuts
     D:4: 648 daAuts
     D:7: 158 daAuts
